 Dungeon Crawl Stone Soup version 0.29-a0-620-g13ace881f2 (webtiles) character file.

Game seed: 4524985174026046567

188882 dolemite99 the Hand of Fortune (level 18, -10/168 HPs)
             Began as a Hill Orc Fighter on June 18, 2022.
             Was the Champion of Nemelex Xobeh.
             Mangled by an ettin
             ... wielding a +0 dire flail
              (30 damage)
             ... on level 1 of the Vaults.
             The game lasted 01:00:47 (47139 turns).

dolemite99 the Hand of Fortune (Hill Orc Fighter)  Turns: 47139, Time: 01:00:47

Health: -10/168    AC: 32    Str: 25    XL:     18   Next: 11%
Magic:  33/33      EV:  7    Int:  8    God:    Nemelex Xobeh [******]
Gold:   53         SH: 11    Dex: 17    Spells: 17/17 levels left

rFire   . . .      SeeInvis .   V - +2 broad axe
rCold   + + .      Faith    .   e - +0 kite shield {reflect}
rNeg    . . .      Spirit   .   d - +4 chain mail {rC+}
rPois   .          Reflect  +   (no helmet)
rElec   .          Harm     .   o - +2 cloak
rCorr   .          Rampage  .   Z - +2 pair of gloves
Will    ++...                   y - +2 pair of boots {Fly}
Stlth   ..........              C - amulet "Zagoanis" {rC+ Will+ Regen+ Dex+5}
HPRegen 1.18/turn               r - +4 ring of slaying {=R}
MPRegen 0.23/turn               G - +4 ring of protection

@: about to teleport, marked, flying, hasted, very quick
A: screaming 1
}: 1/15 runes: serpentine
a: Renounce Religion, Draw Escape, Draw Destruction, Draw Summoning, Triple
Draw, Deal Four, Stack Five


You were on level 1 of the Vaults.
You worshipped Nemelex Xobeh.
Nemelex Xobeh was exalted by your worship.
You visited 6 branches of the dungeon, and saw 29 of its levels.
You also visited: Sewer.

You collected 2662 gold pieces.
You spent 2609 gold pieces at shops.

Inventory:

Hand Weapons
 a - a +6 battleaxe of flaming
 b - the +11 battleaxe of the Scorpion {vorpal, rF+ rN+ Dex-4}
   (You acquired it on level 9 of the Dungeon)

   It inflicts extra damage upon your enemies.
   Dex:       It affects your dexterity (-4).
   rF:        It protects you from fire.
   rN:        It protects you from negative energy.
 V - a +2 broad axe (weapon)
Missiles
 g - 2 silver javelins
 K - 4 poisoned darts (quivered)
 Q - 13 javelins
 U - 4 silver boomerangs
Armour
 d - a +4 chain mail of cold resistance (worn)
 e - a +0 kite shield of reflection (worn)
 l - quicksilver dragon scales
 o - a +2 cloak (worn)
 y - a +2 pair of boots of flying (worn)
 Z - a +2 pair of gloves (worn)
Jewellery
 h - a ring of poison resistance
 i - a +6 ring of strength
 r - a +4 ring of slaying (left hand) {=R}
 x - a ring of ice
 B - a ring of resist corrosion
 C - the amulet "Zagoanis" (around neck) {rC+ Will+ Regen+ Dex+5}
   (You bought it in a shop on level 2 of the Orcish Mines)

   [amulet of regeneration]

   Dex:       It affects your dexterity (+5).
   rC:        It protects you from cold.
   Regen:     It increases your rate of health regeneration.
   Will:      It increases your willpower.
 G - a +4 ring of protection (right hand)
 S - a ring of see invisible
 T - the ring "Omynej" {+Blink rF- rC+ rN+}
   (You found it on level 5 of the Lair of Beasts)

   [ring of protection from cold]

   rF:        It makes you vulnerable to fire.
   rC:        It protects you from cold.
   rN:        It protects you from negative energy.
   +Blink:    It lets you blink.
Wands
 c - a wand of charming (3)
 I - a wand of iceblast (2)
Scrolls
 f - 4 scrolls of teleportation
 k - a scroll of fog
 p - a scroll of magic mapping
 u - 3 scrolls of silence
 D - 3 scrolls of identify {@r1}
 H - a scroll of blinking
 J - a scroll of vulnerability
 P - a scroll of poison
Potions
 j - 2 potions of lignification
 n - 6 potions of berserk rage
 q - 6 potions of flight
 w - a potion of cancellation
 z - 7 potions of brilliance
 A - 6 potions of magic
 E - 5 potions of attraction
 F - 2 potions of haste
 M - 3 potions of degeneration
 N - 6 potions of curing
 O - 5 potions of ambrosia
 R - 2 potions of might
Miscellaneous
 s - a condenser vane (inert)
 W - a phial of floods
 Y - a phantom mirror


   Skills:
 - Level 16.4 Fighting
 - Level 20.0 Axes
 - Level 1.8 Throwing
 - Level 15.2 Armour
 + Level 8.7 Shields
 - Level 22.4 Invocations
 - Level 9.3 Evocations


You had 17 spell levels left.
You didn't know any spells.
Your spell library contained the following spells:

 Spells                   Type           Power      Damage    Failure   Level
 Apportation              Tloc           0%         N/A       99%         1
 Foxfire                  Conj/Fire      0%         2x1d4     99%         1
 Magic Dart               Conj           0%         1d3       99%         1
 Necrotize                Necr           0%         1d4       99%         1
 Summon Small Mammal      Summ           0%         N/A       99%         1
 Blink                    Tloc           0%         N/A       99%         2
 Poisonous Vapours        Pois/Air       0%         N/A       99%         2
 Searing Ray              Conj           0%         2d4       99%         2
 Confusing Touch          Hex            0%         N/A       100%        3
 Conjure Flame            Conj/Fire      0%         6-21      100%        3
 Gell's Gravitas          Tloc           0%         N/A       100%        3
 Inner Flame              Hex/Fire       0%         N/A       100%        3
 Summon Guardian Golem    Hex/Summ       0%         N/A       100%        3
 Teleport Other           Tloc           0%         N/A       100%        3
 Tukima's Dance           Hex            0%         N/A       100%        3
 Vampiric Draining        Necr           0%         2d6       100%        3
 Animate Dead             Necr           0%         N/A       100%        4
 Cause Fear               Hex            0%         N/A       100%        4
 Corpse Rot               Necr/Pois/Air  0%         N/A       100%        4
 Flame Wave               Conj/Fire      0%         2d4       100%        4
 Fulminant Prism          Conj/Hex       0%         3d6       100%        4
 Hailstorm                Conj/Ice       0%         3d3       100%        4
 Ice Form                 Ice/Tmut       0%         N/A       100%        4
 Iskenderun's Mystic Bla  Conj/Tloc      0%         2d3       100%        4
 Passage of Golubria      Tloc           0%         N/A       100%        4
 Agony                    Necr           0%         N/A       100%        5
 Alistair's Intoxication  Tmut/Pois      0%         N/A       100%        5
 Blade Hands              Tmut           0%         N/A       100%        5
 Borgnjor's Vile Clutch   Necr/Erth      0%         N/A       100%        5
 Iskenderun's Battlesphe  Conj           0%         2d6       100%        5
 Lee's Rapid Deconstruct  Erth           0%         3d5*      100%        5
 Manifold Assault         Tloc           0%         N/A       100%        5
 Summon Forest            Summ/Tloc      0%         N/A       100%        5
 Summon Mana Viper        Hex/Summ       0%         N/A       100%        5
 Yara's Violent Unravell  Hex/Tmut       0%         3d3       100%        5
 Death Channel            Necr           0%         N/A       100%        6
 Dispersal                Tloc           0%         N/A       100%        6
 Eringya's Noxious Bog    Tmut/Pois      0%         N/A       100%        6
 Iron Shot                Conj/Erth      0%         9d1       100%        6
 Simulacrum               Ice/Necr       0%         N/A       100%        6
 Summon Cactus Giant      Summ           0%         N/A       100%        6
 Enfeeble                 Hex            0%         N/A       100%        7
 Orb of Destruction       Conj           0%         9d5       100%        7
 Spellforged Servitor     Conj/Summ      0%         N/A       100%        7
 Storm Form               Tmut/Air       0%         N/A       100%        7
 Summon Hydra             Summ           0%         N/A       100%        7
 Discord                  Hex            0%         N/A       100%        8


Dungeon Overview and Level Annotations

Branches:
Dungeon (15/15)            Temple (0/1) D:6            Lair (6/6) D:10
 Shoals (1/4) Lair:3        Snake (4/4) Lair:2        Slime (0/5) Lair:5
    Orc (2/2) D:12            Elf (0/3) Orc:2        Vaults (1/5) D:14
 Depths (0/4) D:15          Sewer (visited)

Altars:
Dithmenos
Elyvilon
Gozag
Makhleb
Nemelex Xobeh
Okawaru
Ru
Uskayaw
Yredelemnul
Zin
Beogh
Jiyva

Shops:
D:2 [   D:3 (((!   D:13 [   Orc:2 =**[(?   Snake:1 ::=   Snake:4 =!!!
Vaults:1 :*

Portals:
Hell: Lair:6


Innate Abilities, Weirdness & Mutations

You occasionally shout uncontrollably at your foes.


Message History

The wizard mumbles some strange words.
The wizard flickers and vanishes!
Deactivating autopickup; reactivate with Ctrl-A.
You barely miss the lindwurm.
The lindwurm is moderately wounded.
Your +4 demon trident of electrocution hits the lindwurm from afar!!
You slash the lindwurm!
The lindwurm is almost dead.
An ironbound thunderhulk comes into view.
It is wielding a +0 dire flail.
The lindwurm barely misses you.
The lindwurm claws you but does no damage.
You block the lindwurm's attack.
Your +4 demon trident of electrocution hits the lindwurm from afar!
The lindwurm dies!
The ironbound thunderhulk hits you with a +0 dire flail!
You block something's attack.
You see here a lindwurm corpse.
You slice something!! You hit the ettin but do no damage.
You hit the ironbound thunderhulk.
Your +4 demon trident of electrocution completely misses the ettin.
As you read the scroll of teleportation, it crumbles to dust.
You feel strangely unstable.
Your +4 demon trident of electrocution hits the ettin!
A yaktaur comes into view.
You yell at the yaktaur!
The ettin hits you with a +0 dire flail!
The ettin hits you with a +0 dire flail!!
* * * LOW HITPOINT WARNING * * *
Something hits you but does no damage.
The wizard howls an incantation.
You feel troubled.
You slice the ironbound thunderhulk!!
The ironbound thunderhulk is moderately wounded.
You hit the ettin. You closely miss something.
The ironbound thunderhulk hits you with a +0 dire flail!
* * * LOW HITPOINT WARNING * * *
Your +4 demon trident of electrocution barely misses the ettin.
The ettin hits you with a +0 dire flail!!
You die...
Your body disappears without a glow.

....................#*,,..#,..#..
....................#*,..##,8.#*,
#######'####'##+#++##******,,,#**
#.......##.........# *******+***
#...#...##..k......# ***,,,,,,,*
#.......##..C...§..# ****,,,,,,*
#.#...#.##....§cp.§# *,***,,,,,*
#.......##...§§OC§§# *,,***,,,,*
#...#...##...§§{@(§# *,,,***,,,*
#.......##...§§§§§§# *,,,,***,,**
##''######....§§§§§# *,,,,,***,+,
#.......###'##########,,,,,,****,
#.....#.##...##.##...#,,,,,,,***,
#..).#..##...##.##...#*****+*****
#...#...##...........#,,,,,,,,,*,
#..#....####...[...###,,,,⌠,,,,+,
#.......####.......###,,8,,,8,,*,


You could see an ironbound thunderhulk, an ettin (ally target), a yaktaur, a
wizard and a friendly +4 demon trident of electrocution (summoned).

Vanquished Creatures
  Saint Roka (Orc:1)
  Vashnia (Snake:3)
  An acid blob (Snake:4)
  2 quicksilver dragons (Snake:4)
  Agnes (Snake:3)
  6 nagarajas (Snake:4)
  An azure jelly (Snake:3)
  Donald (Orc:2)
  2 vault wardens (Vaults:1)
  An orc warlord (Orc:2)
  3 ironbound preservers
  A stone giant (D:15)
  An ironbound thunderhulk (Vaults:1)
  3 dire elephants (Vaults:1)
  A deep elf high priest (Vaults:1)
  2 great orbs of eyes (Vaults:1)
  A rakshasa (D:15)
  3 boulder beetles
  4 salamander tyrants
  6 hydras
  Erolcha (D:9)
  3 centaur warriors
  Erica (D:7)
  6 two-headed ogres
  An ironbound frostheart (Vaults:1)
  A catoblepas (D:14)
  6 anacondas
  5 naga warriors
  4 death yaks (Lair:6)
  2 orc high priests (Orc:2)
  Urug (Lair:2)
  13 naga sharpshooters
  3 shock serpents
  A hell knight (D:15)
  A salamander mystic (Snake:3)
  A sixfirhy (Lair:6)
  10 deep trolls
  A fire crab (Snake:4)
  A steelbarb worm (Snake:2)
  Pikel (D:8)
  2 naga ritualists
  An orb spider (Snake:4)
  An ironbound convoker (Vaults:1)
  A necromancer (D:15)
  5 orc sorcerers
  4 mana vipers
  4 wizards
  5 orc knights
  24 ugly things
  A deep elf pyromancer (D:12)
  10 salamanders
  2 manticores
  5 cyclopes
  2 vault sentinels (Vaults:1)
  A faun (Snake:1)
  28 black mambas
  An elephant (Lair:6)
  5 guardian serpents
  10 naga magi
  An eye of devastation (Snake:1)
  A merfolk siren (Shoals:1)
  16 cane toads
  4 unseen horrors
  3 orange demons (Lair:6)
  A smoke demon (Lair:6)
  5 kobold demonologists
  5 komodo dragons
  4 rime drakes
  An efreet (D:15)
  2 tengu conjurers (D:15)
  11 yaktaurs (Vaults:1)
  An ice devil (Lair:6)
  A red devil (Lair:6)
  A freezing wraith (D:14)
  7 trolls
  A polar bear (Lair:1)
  2 hornets
  14 blink frogs
  3 slime creatures (D:12)
  8 dream sheep
  A snapping turtle (Lair:3)
  A shadow (D:11)
  A water elemental (Shoals:1)
  A wraith (D:14)
  4 wyverns
  3 spriggans (Lair:5)
  Eustachio (D:4)
  63 yaks
  Grum (D:7)
  5 basilisks
  3 fire bats (Lair:3)
  A vampire (D:9)
  A steam dragon (D:8)
  13 vampire mosquitoes
  Menkaure (D:5)
  25 nagas
  6 wargs
  4 acid dragons
  9 water moccasins
  4 hell hounds (Lair:6)
  An ice beast (D:7)
  30 orc warriors
  4 black bears
  7 ogres
  9 wolves
  9 centaurs
  2 lemures (D:8)
  A kobold brigand (D:12)
  4 necrophages
  3 scorpions
  8 bullfrogs
  4 gnoll sergeants
  5 killer bees (D:9)
  2 electric eels
  5 howler monkeys
  5 hounds
  4 jellies
  16 orc priests
  3 gnoll shamans
  3 iguanas
  21 orc wizards
  28 gnolls
  11 adders
  2 river rats (D:6)
  4 ufetubi
  3 worms
  3 dart slugs
  67 orcs
  4 endoplasms
  5 giant cockroaches
  8 goblins
  6 hobgoblins
  3 jackals (D:2)
  15 kobolds
  9 quokkas
  19 ball pythons
  6 bats
  8 frilled lizards
  6 rats
810 creatures vanquished.

Vanquished Creatures (collateral kills)
  A fire giant (Vaults:1)
  Aizul (Snake:1)
  A hydra (Lair:6)
  A centaur warrior (Shoals:1)
  A naga sharpshooter (Snake:2)
  Nergalle (Lair:2)
  A salamander mystic (Snake:2)
  A naga ritualist (Snake:1)
  A steelbarb worm (Snake:2)
  A lindwurm (Vaults:1)
  A wizard (Lair:6)
  2 cyclopes
  A manticore (Snake:2)
  2 salamanders (Snake:2)
  4 elephants (Lair:6)
  An orc sorcerer (Orc:2)
  A black mamba (Snake:1)
  A naga mage (Snake:2)
  An unseen horror (Snake:2)
  A hornet (D:8)
  A polar bear (Snake:2)
  A troll (Orc:2)
  A shapeshifter (Snake:2)
  2 yaks (Lair:6)
  5 nagas
  A water moccasin (Lair:2)
  A hell hound (Lair:6)
  A sky beast (Snake:2)
  An orc warrior (Orc:2)
  A centaur (D:14)
  A bullfrog (Lair:2)
  A two-headed ogre simulacrum (D:11)
  2 troll simulacra (D:11)
  A naga simulacrum (D:11)
45 creatures vanquished.

Vanquished Creatures (others)
  A butterfly (D:13)
  51 fungi
  38 plants
90 creatures vanquished.

Grand Total: 945 creatures vanquished

Notes
Turn   | Place    | Note
-------+----------+-------------------------------------------
     0 | D:1      | dolemite99 the Hill Orc Fighter began the quest for the
                  | Orb.
     0 | D:1      | Reached XP level 1. HP: 19/19 MP: 1/1
    75 | D:1      | Reached XP level 2. HP: 27/27 MP: 2/2
   433 | D:1      | Reached XP level 3. HP: 26/33 MP: 3/3
   971 | D:2      | You fall into a shaft and drop 1 floor!
  1296 | D:2      | Reached XP level 4. HP: 40/40 MP: 4/4
  1306 | D:2      | Reached skill level 5 in Axes
  1416 | D:2      | Reached skill level 1 in Throwing
  1434 | D:2      | Found Rirchijo's Armour Boutique.
  1886 | D:3      | Found Esegh's Weapon Shop.
  1888 | D:3      | Identified the +5 mace of Ash {drain, rElec Int+2 Dex+4}
  1895 | D:3      | Bought 5 poisoned darts for 22 gold pieces
  1952 | D:3      | Found Buebaga's Weapon Shoppe.
  2039 | D:3      | Reached XP level 5. HP: 31/46 MP: 5/5
  2690 | D:3      | Identified the +3 short sword "Impbane" {chaos, rElec rC++
                  | rN++}
  2991 | D:3      | Found Gudat's Distillery.
  3001 | D:3      | Bought a potion of curing for 39 gold pieces
  3001 | D:3      | Bought a potion of curing for 39 gold pieces
  3001 | D:3      | Bought a potion of might for 52 gold pieces
  3141 | D:3      | Found Jifuuck's Weapon Shoppe.
  3448 | D:3      | Bought a potion of lignification for 39 gold pieces
  3819 | D:4      | Found a shadowy altar of Dithmenos.
  4257 | D:4      | Found a sparkling altar of Nemelex Xobeh.
  4264 | D:4      | Became a worshipper of Nemelex Xobeh the Trickster
  4528 | D:4      | Noticed Eustachio
  4530 | D:4      | Reached XP level 6. HP: 52/52 MP: 6/6
  4531 | D:4      | Noticed a black bear
  4550 | D:4      | Killed a black bear
  4551 | D:4      | Reached skill level 1 in Evocations
  4557 | D:4      | Killed Eustachio
  4558 | D:4      | Reached XP level 7. HP: 22/58 MP: 1/7
  4807 | D:4      | Found a glowing silver altar of Zin.
  4826 | D:4      | Found a hide-covered altar of Uskayaw.
  4992 | D:4      | Found an iron altar of Okawaru.
  5309 | D:5      | Entered Level 5 of the Dungeon
  5970 | D:5      | Reached XP level 8. HP: 66/66 MP: 8/8
  6132 | D:5      | Noticed Menkaure
  6293 | D:5      | Killed Menkaure
  6294 | D:5      | Reached skill level 10 in Axes
  7606 | D:5      | Reached * piety under Nemelex Xobeh
  7800 | D:6      | Reached skill level 1 in Invocations
  7909 | D:6      | Received a gift from Nemelex Xobeh
  7918 | D:6      | Reached skill level 2 in Invocations
  8065 | D:6      | Found a glowing drain.
  8073 | Sewer    | Entered a sewer
  8897 | D:6      | Reached ** piety under Nemelex Xobeh
  8922 | D:6      | Noticed a boulder beetle
  8930 | D:6      | Killed a boulder beetle
  8931 | D:6      | Reached skill level 4 in Invocations
  8931 | D:6      | Reached XP level 9. HP: 62/71 MP: 9/12
  9021 | D:6      | Found a staircase to the Ecumenical Temple.
  9476 | D:7      | Reached skill level 5 in Invocations
  9638 | D:7      | Noticed a two-headed ogre
 10151 | D:7      | Reached skill level 6 in Invocations
 10442 | D:8      | Reached skill level 5 in Armour
 10539 | D:8      | Noticed Erica
 10539 | D:8      | Noticed Grum
 10589 | D:7      | Killed Erica
 10590 | D:7      | Reached XP level 10. HP: 23/78 MP: 3/14
 11111 | D:8      | Reached *** piety under Nemelex Xobeh
 11123 | D:7      | Killed Grum
 11808 | D:8      | Found an opulent altar of Gozag.
 11853 | D:8      | Received a gift from Nemelex Xobeh
 12181 | D:8      | Noticed Pikel
 12194 | D:8      | Killed Pikel
 12195 | D:8      | Reached skill level 5 in Fighting
 12237 | D:8      | Noticed a two-headed ogre
 12248 | D:8      | Killed a two-headed ogre
 12249 | D:8      | Reached skill level 7 in Invocations
 12987 | D:9      | Identified a scroll of acquirement
 12987 | D:9      | Acquired the +11 battleaxe of the Scorpion {vorpal, rF+ rN+
                  | Dex-4}
 13015 | D:9      | Noticed Erolcha
 13046 | D:9      | Killed Erolcha
 13047 | D:9      | Reached XP level 11. HP: 67/91 MP: 16/16
 13312 | D:9      | Reached skill level 15 in Axes
 13707 | D:9      | Reached **** piety under Nemelex Xobeh
 13848 | D:9      | Received a gift from Nemelex Xobeh
 14224 | D:3      | Bought a potion of invisibility for 104 gold pieces
 14224 | D:3      | Bought a potion of might for 52 gold pieces
 14224 | D:3      | Bought a potion of attraction for 39 gold pieces
 14358 | D:10     | Entered Level 10 of the Dungeon
 14644 | D:10     | Noticed a two-headed ogre
 14657 | D:10     | Killed a two-headed ogre
 14992 | D:10     | Found a staircase to the Lair.
 14995 | D:10     | Received a gift from Nemelex Xobeh
 15460 | D:11     | Noticed a boulder beetle
 15469 | D:11     | Killed a boulder beetle
 15729 | D:11     | Reached ***** piety under Nemelex Xobeh
 15794 | D:11     | Found a frozen archway.
 16243 | D:11     | Received a gift from Nemelex Xobeh
 16281 | D:11     | Reached XP level 12. HP: 97/97 MP: 17/17
 16680 | Lair:1   | Entered Level 1 of the Lair of Beasts
 17310 | Lair:1   | Received a gift from Nemelex Xobeh
 17470 | Lair:1   | Reached skill level 8 in Invocations
 17899 | Lair:2   | Noticed Nergalle
 17903 | Lair:2   | Killed Nergalle
 17964 | Lair:2   | Reached skill level 9 in Invocations
 18278 | Lair:2   | Received a gift from Nemelex Xobeh
 18333 | Lair:2   | Found a staircase to the Snake Pit.
 18367 | Lair:2   | Reached skill level 10 in Armour
 18501 | Lair:2   | Noticed Urug
 18513 | Lair:2   | Killed Urug
 18686 | Lair:2   | Reached skill level 10 in Invocations
 19303 | Lair:3   | Received a gift from Nemelex Xobeh
 19598 | Lair:3   | Reached XP level 13. HP: 98/105 MP: 17/21
 19773 | Lair:3   | Found a dark tunnel.
 19859 | Lair:3   | Found a staircase to the Shoals.
 20082 | Lair:3   | Reached ****** piety under Nemelex Xobeh
 20369 | Lair:4   | Received a gift from Nemelex Xobeh
 20385 | Lair:4   | Reached skill level 11 in Invocations
 20922 | Lair:4   | Received a gift from Nemelex Xobeh
 21470 | Lair:5   | Reached skill level 12 in Invocations
 21596 | Lair:5   | Found a basalt altar of Yredelemnul.
 21668 | Lair:5   | Found a staircase to the Slime Pits.
 21669 | Lair:5   | Found a viscous altar of Jiyva.
 21670 | Lair:5   | Received a gift from Nemelex Xobeh
 21895 | Lair:5   | Identified the ring "Omynej" {+Blink rF- rC+ rN+}
 22168 | Lair:5   | Received a gift from Nemelex Xobeh
 22565 | Lair:6   | Entered Level 6 of the Lair of Beasts
 22573 | Lair:6   | Reached skill level 13 in Invocations
 22724 | Lair:6   | Received a gift from Nemelex Xobeh
 22762 | Lair:6   | Reached skill level 10 in Fighting
 22867 | Lair:6   | Reached skill level 5 in Evocations
 22944 | Lair:6   | Reached XP level 14. HP: 108/121 MP: 21/24
 23165 | Lair:6   | Identified the +1 spear of Quick Death {chaos, Str+2}
 23196 | Lair:6   | Received a gift from Nemelex Xobeh
 23726 | Lair:6   | Identified the +1 trident of Sasty {freeze, Contam rC+
                  | Dex+6}
 23918 | Lair:6   | Found a burning altar of Makhleb.
 24216 | Lair:6   | Found a gateway to Hell.
 24772 | D:12     | Gained mutation: You occasionally shout uncontrollably at
                  | your foes. [a neqoxec]
 24775 | D:12     | Reached skill level 14 in Invocations
 25225 | D:12     | Found a staircase to the Orcish Mines.
 25225 | D:12     | Received a gift from Nemelex Xobeh
 25230 | D:12     | Found a roughly hewn altar of Beogh.
 26165 | Orc:1    | Entered Level 1 of the Orcish Mines
 26165 | Orc:1    | Found a roughly hewn altar of Beogh.
 26531 | D:13     | Found Ampetzun's Antique Armour Emporium.
 26579 | D:13     | Bought a pair of runed gloves for 187 gold pieces
 26973 | D:13     | Found a white marble altar of Elyvilon.
 27019 | D:13     | Received a gift from Nemelex Xobeh
 27310 | D:13     | Reached skill level 15 in Invocations
 28622 | Orc:1    | Received a gift from Nemelex Xobeh
 28981 | Orc:2    | Entered Level 2 of the Orcish Mines
 28981 | Orc:2    | Found Boace's Assorted Antiques.
 29106 | Orc:2    | Noticed Donald
 29117 | Orc:2    | Killed Donald
 29118 | Orc:2    | Reached XP level 15. HP: 112/134 MP: 26/26
 29120 | Orc:2    | Reached skill level 16 in Invocations
 29122 | Orc:2    | Noticed Saint Roka
 29441 | Orc:1    | Killed Saint Roka
 30630 | Orc:2    | Found Duiman's Jewellery Boutique.
 30654 | Orc:2    | Bought the amulet "Zagoanis" {rC+ Will+ Regen+ Dex+5} for
                  | 841 gold pieces
 30717 | Orc:2    | Found Bereb's Antique Armour Emporium.
 30728 | Orc:2    | Received a gift from Nemelex Xobeh
 30733 | Orc:2    | Found Yjankoh's Magic Scroll Boutique.
 30919 | Orc:2    | Found Roittadi's General Store.
 31025 | Orc:2    | Noticed an orc warlord
 31072 | Orc:2    | Killed an orc warlord
 31489 | Orc:2    | Found Goofum's Antique Weapon Shoppe.
 31537 | Orc:2    | Found a staircase to the Elven Halls.
 31704 | Orc:2    | Bought a scroll of summoning for 123 gold pieces
 31704 | Orc:2    | Bought a scroll of enchant weapon for 97 gold pieces
 31704 | Orc:2    | Bought a scroll of fear for 45 gold pieces
 31704 | Orc:2    | Bought a scroll of teleportation for 39 gold pieces
 31704 | Orc:2    | Bought a scroll of teleportation for 39 gold pieces
 31704 | Orc:2    | Bought 2 scrolls of poison for 91 gold pieces
 31704 | Orc:2    | Bought a scroll of identify for 26 gold pieces
 31771 | Orc:2    | Bought a potion of curing for 45 gold pieces
 31771 | Orc:2    | Bought a scroll of fog for 30 gold pieces
 31771 | Orc:2    | Bought a wand of flame (4) for 45 gold pieces
 31892 | Orc:2    | Bought a scroll of fog for 50 gold pieces
 32228 | D:14     | Reached skill level 17 in Invocations
 32261 | D:14     | Received a gift from Nemelex Xobeh
 32706 | D:14     | Found a gate to the Vaults.
 32885 | D:14     | Got the Compendium of Enchantment and Shape Shifting
 33097 | D:14     | Received a gift from Nemelex Xobeh
 33511 | D:15     | Entered Level 15 of the Dungeon
 33549 | D:15     | Reached skill level 18 in Invocations
 33649 | D:15     | Found a staircase to the Depths.
 33907 | D:15     | Received a gift from Nemelex Xobeh
 34171 | D:15     | Reached XP level 16. HP: 88/145 MP: 29/29
 34815 | Snake:1  | Entered Level 1 of the Snake Pit
 34869 | Snake:1  | Found Avvygo's Jewellery Shoppe.
 34869 | Snake:1  | Found Qoyczan's Book Boutique.
 34870 | Snake:1  | Found Ynoriw's Book Boutique.
 34918 | Snake:1  | Received a gift from Nemelex Xobeh
 34964 | Snake:1  | Noticed Aizul
 34974 | Snake:1  | Reached skill level 19 in Invocations
 34983 | Snake:1  | Killed Aizul
 35433 | Snake:1  | You are sucked into a shaft and drop 1 floor!
 36625 | Snake:1  | Reached skill level 20 in Invocations
 37291 | Snake:2  | Reached skill level 15 in Armour
 37643 | Snake:3  | Received a gift from Nemelex Xobeh
 37979 | Snake:4  | Entered Level 4 of the Snake Pit
 38227 | Snake:3  | Noticed Vashnia
 38229 | Snake:3  | Noticed Agnes
 39224 | Snake:3  | Received a gift from Nemelex Xobeh
 39237 | Snake:3  | Killed Agnes
 39928 | Snake:3  | Killed Vashnia
 39929 | Snake:3  | Reached XP level 17. HP: 114/154 MP: 22/31
 40095 | Snake:3  | Reached skill level 21 in Invocations
 41010 | Snake:4  | Identified the +0 pair of gloves of the Evening {+Blink
                  | Will+ Str+8 Dex-4}
 41010 | Snake:4  | Noticed Nikola
 41014 | Snake:4  | Noticed Nikola
 41014 | Snake:4  | Nikola changed into Nikola the acid blob
 41020 | Snake:4  | Killed Nikola the acid blob
 41149 | Snake:4  | Reached skill level 15 in Fighting
 41583 | Snake:4  | Received a gift from Nemelex Xobeh
 42663 | Snake:4  | Found a sacrificial altar of Ru.
 43282 | Snake:4  | Found Ikheicvu's Distillery.
 43286 | Snake:4  | Found Bupergho's Distillery.
 43286 | Snake:4  | Found Wereo's Distillery.
 43289 | Snake:4  | Found Tustior's Jewellery Shop.
 43306 | Snake:4  | Reached skill level 22 in Invocations
 43360 | Snake:4  | Bought a potion of heal wounds for 100 gold pieces
 43360 | Snake:4  | Bought a potion of haste for 200 gold pieces
 43360 | Snake:4  | Bought 2 potions of might for 160 gold pieces
 43363 | Snake:4  | Bought a potion of heal wounds for 105 gold pieces
 43528 | Snake:4  | Noticed a quicksilver dragon
 43529 | Snake:4  | Noticed a quicksilver dragon
 43538 | Snake:4  | Killed a quicksilver dragon
 43539 | Snake:4  | Killed a quicksilver dragon
 43971 | Snake:4  | Received a gift from Nemelex Xobeh
 44019 | Snake:4  | Got a serpentine rune of Zot
 44642 | Shoals:1 | Entered Level 1 of the Shoals
 45199 | Vaults:1 | Entered Level 1 of the Vaults
 46027 | Vaults:1 | Reached skill level 5 in Shields
 46291 | Vaults:1 | Received a gift from Nemelex Xobeh
 46564 | Vaults:1 | Reached XP level 18. HP: 145/168 MP: 33/33
 47083 | Vaults:1 | Found Tisuow's Book Shoppe.
 47083 | Vaults:1 | Found Fataof's Assorted Antiques.
 47139 | Vaults:1 | Mangled by an ettin

Illustrated notes

Levels and vault maps discovered:
D:1:      minmay_arrival_four_houses, layout_rooms, st_stairs_9,
          serial_bayou_lake_a
D:2:      layout_loops_cross, serial_shops,
          nicolae_shop_temple_entry_statues_fountains, grunt_decor_junction
D:3:      layout_loops_corners, serial_shops, nicolae_diamond_shop,
          nicolae_shop_bloodbath_and_beyond, nicolae_lakefront_shop,
          nicolae_shop_hallway_stairs, minmay_fountain_box, minmay_between
D:4:      layout_layer_cave, minmay_overflow_temple_star_quad,
          nemelex_diamond_rough_becter, grunt_dithmenos_smoke, uniq_eustachio
D:5:      layout_layer_cave, minmay_holes, uniq_menkaure
D:6:      layout_gridville, minmay_temple_entry_drinking_statues,
          gup_sewer_entry_bubbles
D:7:      layout_basic
D:8:      layout_layer_cave, grunt_gozag_statues, st_stairs_4, uniq_erica,
          uniq_grum, uniq_pikel
D:9:      layout_basic, uniq_erolcha
D:10:     layout_rooms, david_lair_generic, nicolae_figureground_sparkle
D:11:     nicolae_cairo_tiling_very_big, layout_stronghold,
          portal_ice_cave_entry_ice_simulacra
D:12:     layout_basic, minmay_orc_entry_temple_small
D:13:     layout_loops_corners, serial_shops, shop_statue,
          nicolae_elyvilon_peaceful_grove
D:14:     cheibrodos_wizards_tower, layout_layer_cave,
          skrybe_vaults_entry_preservation, minmay_staircase_bubble
D:15:     hangedman_depths_entry_civil_slaughter, layout_loops_corners,
          corexii_corridor_pit
Lair:1:   layout_small_grid, grunt_megastairs_4
Lair:2:   layout_regular_city, minmay_snake_entry_guardpost_medium,
          serial_bayou_pond_e, dreamdust_gnoll_shepherd, uniq_urug,
          uniq_nergalle
Lair:3:   layout_layer_cave, minmay_shoals_entry_hut,
          nicolae_volcano_entry_batcave, lemuel_fruit_fields,
          lemuel_fruit_fields
Lair:4:   layout_gridlike, serial_bayou, serial_bayou_lagoon_b,
          serial_bayou_shore_b, serial_bayou_lagoon_a, serial_bayou_pond_e,
          serial_bayou_pond_e, infiniplex_staircase_pool_2
Lair:5:   layout_regular_city, slime_altar_1, basic_altar, wad_woods_02
Lair:6:   evil_forest, layout_gridlike
Shoals:1: layout_shoals, nicolae_shoals_lost_giant_baths
Snake:1:  layout_honeycomb, minmay_shop_grove, uniq_aizul
Snake:2:  layout_cave_pods
Snake:3:  layout_grid_maze, st_stairs_12, grunt_ministairs_4, uniq_agnes,
          uniq_vashnia
Snake:4:  hellmonk_snake_rune_quicksilver_temple, layout_grid_maze, basic_altar,
          minmay_shoptagon, uniq_nikola
Orc:1:    layout_diamond_mine, basic_altar
Orc:2:    grunt_orc_gardens, layout_caves, grunt_orc_garden, grunt_orc_garden,
          grunt_orc_garden, grunt_orc_garden, serial_shops, shop,
          nicolae_shop_overgrown_old_shop, uniq_saint_roka, uniq_donald
Vaults:1: grunt_vaults_funnel, hangedman_vaults_hard_town_square,
          nicolae_vaults_circle_grid_a, vaults_room_stairs_pillars,
          hangedman_vaults_pinch, hangedman_vaults_slice, v_alt_pattern_4,
          grunt_vaults_hallway_short, nicolae_vaults_bisected_slash,
          hangedman_vaults_stream, nicolae_vaults_ring_of_whatevers, v_misc_19,
          vaults_room_door_ring, nicolae_vaults_big_angled_halls,
          ontoclasm_vaults_eye, grunt_vaults_diagonal, layout_vaults_omnibox

Skill      XL: |  1  2  3  4  5  6  7  8  9 10 11 12 13 14 15 16 17 18 |
---------------+-------------------------------------------------------+-----
Axes           | 3 4 5 6 8 9 12 13 14 19 20 | 20.0
Throwing       | 1 |  1.8
Evocations     | 2 3 4 6 9 |  9.3
Invocations    | 4 6 7 10 13 15 18 20 22 | 22.4
Armour         | 7 8 10 11 13 15 | 15.2
Fighting       | 6 7 10 12 13 14 16 | 16.4
Shields        | 7 8 |  8.7

Action                   |  1- 3 |  4- 6 |  7- 9 | 10-12 | 13-15 | 16-18 || total
-------------------------+-------+-------+-------+-------+-------+-------++-------
Melee: War axe           |    94 |   135 |   266 |    54 |       |       ||   549
       Battleaxe         |       |       |       |   274 |   669 |   424 ||  1367
       Broad axe         |       |       |       |       |       |   130 ||   130
Throw: Boomerang         |    10 |    15 |    10 |    37 |    15 |       ||    87
       Dart              |       |    23 |    33 |    58 |   119 |    77 ||   310
       Javelin           |       |       |    10 |    36 |    78 |     8 ||   132
Invok: Draw Destruction  |       |       |     7 |     7 |    31 |    38 ||    83
       Draw Summoning    |       |       |       |     8 |     8 |     4 ||    20
       Draw Escape       |       |       |       |       |     3 |     6 ||     9
       Deal Four         |       |       |       |       |       |     2 ||     2
Evoke: Wand              |       |     3 |    12 |     7 |    50 |     6 ||    78
       Phial of floods   |       |       |       |       |     3 |     2 ||     5
       Phantom mirror    |       |       |       |       |     3 |     3 ||     6
       Condenser vane    |       |       |       |       |     1 |     7 ||     8
  Use: Potion            |       |    10 |     6 |       |     1 |    13 ||    30
       Scroll            |       |       |    22 |     9 |    10 |    24 ||    65
 Stab: Petrified         |       |       |       |       |     1 |       ||     1
       Distracted        |       |       |       |       |     1 |       ||     1
       Invisible         |       |       |       |       |     3 |       ||     3
Armor: Scale mail        |    55 |    23 |       |       |       |       ||    78
       Chain mail        |       |    65 |   117 |       |   158 |   433 ||   773
       Skin              |       |     4 |    11 |       |       |       ||    15
       Plate armour      |       |       |    20 |   163 |   269 |       ||   452
       Quicksilver drago |       |       |       |       |       |    13 ||    13
Dodge: Dodged            |    63 |    73 |    84 |   115 |   221 |   258 ||   814
Block: Buckler           |    25 |    44 |    56 |    13 |       |       ||   138
       Kite shield       |       |       |       |       |       |    74 ||    74
       Reflection        |       |       |       |       |       |     9 ||     9

Table legend: (Time is in decaauts)
 A = Elapsed time spent in this place.
 B = Non-inter-level travel time spent in this place.
 C = Inter-level travel time spent in this place.
 D = Time resting spent in this place.
 E = Time spent auto-exploring this place.
 F = Levels seen in this place.
 G = Mean time per level.
                   A        B        C        D        E       F      G
               +--------+--------+--------+--------+--------+-----+--------+
         Total |  47009 |  44346 |   2663 |  16290 |  20224 |  30 | 1567.0 |
       Dungeon |  23405 |  21431 |   1974 |   6462 |  11287 |  15 | 1560.3 |
          Lair |   8416 |   8031 |    385 |   1636 |   5123 |   6 | 1402.7 |
        Shoals |     34 |     34 |      0 |      0 |      0 |   1 |   34.0 |
     Snake Pit |   9648 |   9426 |    222 |   5671 |   2229 |   4 | 2412.0 |
  Orcish Mines |   3450 |   3372 |     78 |   1746 |    814 |   2 | 1725.0 |
        Vaults |   1242 |   1240 |      2 |    347 |    544 |   1 | 1242.0 |
         Sewer |    812 |    812 |      0 |    427 |    227 |   1 |  812.0 |
               +--------+--------+--------+--------+--------+-----+--------+

Top non-repeatable levels by time:
 Snake:4: 3688 daAuts
     D:4: 3079 daAuts
 Snake:3: 2724 daAuts
    D:12: 2607 daAuts
    D:14: 2288 daAuts
  Lair:6: 1959 daAuts
   Orc:1: 1951 daAuts
     D:7: 1921 daAuts
     D:3: 1762 daAuts
 Snake:2: 1746 daAuts
     D:8: 1640 daAuts
  Lair:3: 1580 daAuts
   Orc:2: 1498 daAuts
 Snake:1: 1489 daAuts
    D:11: 1440 daAuts
